Map: Newkirk Precinct TE (Void)

Players

Musumeci - Winner!

  • Race: Zerg Zerg
  • League: Diamond
  • Spawn Location: 5:00

OniKratos

  • Race: Terran Terran
  • League: Diamond
  • Spawn Location: 7:00

VOD

Have the link to the VOD?

Description

Time

  • Played on: April 2, 2017, 4:39 p.m.
  • Length: 17:23
Show
View Real Time Build Order
Export as new Build Order

Musumeci Zerg - Winner!

Build Orders: Hatch First 

Get SALT Encoding   

  12  0:00  Drone  
  13  0:09  Drone  
  13  0:13  Extractor  
  13  0:15  Drone  
  15  0:42  Hatchery  
  14  0:44  Extractor  
  14  0:45  Drone  
  15  1:01  Spawning Pool  
  14  1:06  Extractor  
  14  1:07  Drone  
  14  1:13  Extractor  
  14  1:14  Drone  
  16  1:21  Overlord  
  16  1:39  Drone x2  
  18  1:41  Drone  
  19  1:47  Queen  
  19  1:50  Drone  
  22  1:55  Queen  
  22  2:00  Drone  
  25  2:06  Overlord  
  25  2:09  Drone  
  26  2:15  Drone  
  26  2:16  Drone  
  27  2:24  Queen  
  29  2:31  Queen  
  29  2:36  Overlord  
  31  2:40  Drone  
  31  2:41  Drone  
  31  2:43  Drone  
  34  2:45  Drone  
  34  2:47  Drone  
  36  2:55  Drone x2  
  36  2:57  Overlord  
  38  3:01  Drone  
  39  3:07  Extractor  
  39  3:08  Extractor  
  39  3:10  Roach Warren  
  36  3:13  Drone  
  36  3:14  Drone x2  
  36  3:16  Drone  
  40  3:34  Evolution Chamber  
  40  3:35  Evolution Chamber  
  38  3:42  Hatchery, Evolution Chamber  
  36  3:51  Drone x7  
  43  4:06  Roach x2  
  43  4:09  Drone x3, Extractor  
  49  4:11  Roach  
  49  4:15  Extractor  
  50  4:21  Drone  
  51  5:02  Ravager  
  49  5:08  Drone x9  
  58  5:17  Overlord x8  
  58  5:22  Zerg Ground Armor Level 1, Zerg Missile Weapons Level 1  
  58  5:23  Lair  
  58  5:36  Roach x5  
  68  5:49  Ravager  
  69  5:50  Roach x6  
  81  5:58  Spore Crawler x2  
  77  6:14  Drone x3  
  77  6:15  Drone x6, Spore Crawler  
  85  6:23  Glial Reconstitution  
  84  7:12  Overlord  
  84  7:13  Overlord  
  84  7:14  Overlord  
  84  7:16  Drone x6  
  84  7:17  Drone x13  
  84  7:19  Extractor  
  84  7:20  Extractor  
  99  7:47  Spore Crawler  
  99  7:48  Roach x9  
  99  7:50  Spore Crawler  
  115  7:52  Spore Crawler  
  114  8:01  Roach x4  
  114  8:03  Ravager x11  
  114  8:05  Zerg Missile Weapons Level 2, Zerg Ground Armor Level 2  
  133  8:13  Queen  
  133  8:59  Roach x2  
  133  9:01  Extractor  
  136  9:02  Hatchery  
  136  9:06  Extractor  
  136  9:07  Spore Crawler  
  133  9:13  Extractor  
  133  9:22  Hatchery  
  133  9:34  Overlord x6  
  133  9:35  Overlord x3  
  133  9:36  Overlord x4  
  133  9:55  Spore Crawler  
  133  9:58  Spore Crawler  
  131  10:32  Ravager x4  
  131  10:33  Ravager x11  
  146  10:40  Hatchery  
  146  10:42  Roach x9  
  169  10:43  Roach x18  
  169  10:47  Infestation Pit  
  198  10:55  Roach  
  200  10:57  Overlord  
  200  11:19  Extractor  
  200  11:20  Spine Crawler x2  
  197  11:25  Hive  
  181  12:04  Baneling Nest  
  181  12:06  Spore Crawler x2  
  181  12:07  Hatchery, Spore Crawler  
  175  12:41  Hatchery  
  175  12:42  Roach x8  
  190  12:47  Zerg Missile Weapons Level 3, Zerg Ground Armor Level 3  
  190  12:53  Ravager x4  
  190  12:54  Ravager x6  
  198  13:26  Queen  
  174  13:45  Roach  
  174  13:46  Roach x15  
  186  13:55  Ravager x11  
  179  14:29  Roach x4  
  179  14:30  Roach x10  
  184  14:40  Drone x2  
  184  14:41  Drone x4  
  181  15:15  Drone  
  181  15:16  Drone x3  
  181  15:17  Drone x2  
  187  15:22  Queen  
  187  15:23  Queen  
  149  15:58  Ravager x8  
  149  15:59  Ravager x7  
  155  16:23  Roach x19  
  155  16:24  Roach x2  
  179  16:43  Roach x9  
Show
View Real Time Build Order
Export as new Build Order

OniKratos Terran 

Build Orders:  

Get SALT Encoding   

  12  0:01  SCV  
  13  0:13  SCV  
  14  0:18  Supply Depot  
  14  0:25  SCV  
  15  0:40  SCV  
  15  0:41  Barracks  
  16  0:46  Refinery  
  16  0:52  SCV  
  17  1:04  SCV  
  18  1:27  SCV  
  18  1:28  Command Center  
  18  1:31  Marine  
  20  1:42  Orbital Command  
  20  1:55  Factory  
  20  1:58  Marine  
  21  2:15  Supply Depot  
  21  2:18  SCV, Marine  
  23  2:36  SCV  
  24  2:43  Starport  
  26  2:44  Barracks Reactor, Hellion  
  26  2:47  Orbital Command  
  26  2:50  SCV  
  27  3:03  SCV  
  28  3:16  SCV  
  30  3:20  SCV  
  30  3:21  Medivac  
  30  3:22  Marine x2  
  34  3:32  Widow Mine  
  36  3:37  SCV  
  36  3:38  SCV  
  36  3:39  Marine x2  
  36  3:40  Command Center  
  40  3:49  SCV  
  41  4:01  SCV x2, Marine x2  
  45  4:03  Refinery  
  45  4:09  Supply Depot  
  45  4:18  Supply Depot  
  45  4:23  Barracks, Supply Depot  
  45  4:25  Barracks  
  45  4:28  SCV  
  45  4:30  Widow Mine  
  45  4:31  SCV, Medivac  
  51  4:34  Marine x2  
  53  4:41  Engineering Bay  
  52  4:53  Liberator  
  50  5:04  Marine  
  50  5:05  SCV x2, Marine  
  49  5:07  Orbital Command  
  49  5:08  Widow Mine  
  53  5:16  Barracks Tech Lab x2  
  53  5:30  Marine x2  
  53  5:34  Orbital Command  
  55  5:37  SCV x2  
  55  5:40  Marauder  
  55  5:41  Marauder  
  55  5:42  Concussive Shells, Stimpack  
  61  5:46  Widow Mine  
  61  5:48  Supply Depot x2  
  63  5:58  SCV  
  63  5:59  SCV  
  63  6:12  SCV  
  63  6:13  SCV x2, Marine  
  63  6:14  Marauder, Marine  
  63  6:15  Marauder  
  63  6:16  Medivac  
  72  6:36  Marine x3  
  72  6:37  Factory Reactor  
  72  6:38  Marauder  
  72  6:39  SCV x2  
  79  6:45  Barracks x2  
  76  6:49  Barracks  
  76  6:54  Marauder  
  75  7:04  Marine x2  
  75  7:06  SCV x3  
  80  7:08  Starport Reactor  
  80  7:12  Marine  
  80  7:15  Marine  
  82  7:16  Terran Infantry Weapons Level 1  
  82  7:18  Engineering Bay  
  82  7:20  SCV x2  
  82  7:21  Refinery  
  84  7:30  Marauder  
  83  7:40  Marine x2  
  83  7:41  Marauder  
  87  7:56  Marauder  
  87  7:57  Marine  
  87  7:58  Barracks Reactor x2  
  90  7:59  Barracks Tech Lab  
  90  8:02  Marauder  
  90  8:03  Medivac  
  94  8:07  Supply Depot  
  94  8:08  SCV x2, Supply Depot  
  94  8:11  Refinery  
  96  8:14  Command Center  
  96  8:16  Refinery  
  96  8:19  Marauder, Marine x2  
  94  8:38  Marauder, Marine x2  
  94  8:40  Marine  
  94  8:41  Marauder x2, Marine  
  104  8:46  Marine x2  
  102  8:56  Marine x2  
  102  8:58  Marine x2  
  102  8:59  Starport  
  102  9:00  Marauder  
  102  9:01  Starport, Fusion Core  
  102  9:02  Marauder x2  
  112  9:16  Marine  
  112  9:17  Marine x3  
  116  9:26  Marauder x2  
  116  9:27  Marauder, Marine x2  
  116  9:28  Medivac  
  116  9:29  Medivac  
  128  9:34  Marine  
  128  9:36  SCV x3  
  132  9:45  Marine x2  
  132  9:46  Marine x2  
  132  9:48  Marauder  
  138  10:05  Marauder, Marine x3  
  138  10:06  Marauder, Widow Mine  
  147  10:11  Widow Mine, Medivac x2  
  151  10:19  Marine  
  151  10:20  Marauder, Marine x2  
  154  10:23  Marine x2  
  154  10:27  Marauder  
  151  10:45  Starport Tech Lab x2  
  151  10:48  Starport Tech Lab  
  151  10:50  Fusion Core, Weapon Refit  
  151  10:52  Marine  
  151  10:53  Marauder x2, Armory, Marine x3  
  159  11:04  Marauder, Marine  
  159  11:07  Marine  
  159  11:10  Marine  
  164  11:15  Battlecruiser, Marine x2  
  164  11:16  Supply Depot  
  172  11:23  Supply Depot  
  172  11:24  Marauder x2  
  172  11:25  Supply Depot  
  170  11:31  Marauder, Marine x3  
  170  11:32  Marine  
  168  11:34  Planetary Fortress  
  167  11:45  Marauder  
  149  12:18  Marauder x2, Marine x6  
  149  12:19  Marine  
  149  12:20  Battlecruiser  
  166  12:33  Orbital Command  
  166  12:36  Marine x4  
  172  12:37  Marauder  
  170  13:05  Command Center  
  170  13:09  Marauder x2, Marine x6  
  170  13:10  Marine  
  170  13:11  Battlecruiser  
  187  13:13  Terran Infantry Weapons Level 2, Terran Infantry Armor Level 1  
  187  13:19  Combat Shields  
  187  13:23  Terran Vehicle And Ship Armor Level 1  
  187  13:27  Marine x4  
  187  13:28  Marauder  
  187  13:30  Marauder  
  187  13:41  Marauder, Marine x2  
  182  13:48  Marine x2  
  153  13:49  Marauder, Marine  
  153  13:52  Marauder  
  153  14:03  Marauder, Battlecruiser  
  153  14:07  Marine x3  
  162  14:11  Marauder  
  156  14:31  Marauder x2, Marine x3  
  116  14:37  Marauder, Marine x2  
  116  14:38  Marine  
  115  14:39  Widow Mine  
  115  14:40  Battlecruiser  
  123  14:48  Marine  
  123  14:49  Marine x2  
  123  14:52  Marauder, Marine  
  127  14:55  Marine x3  
  127  14:58  Marine  
  95  15:01  Planetary Fortress  
  95  15:04  Medivac  
  95  15:06  Marine x2  
  95  15:07  Marine  
  93  15:10  Marine  
  93  15:13  Marine x4  
  99  15:15  Widow Mine x2  
  99  15:16  Marauder  
  105  15:24  Marine x3  
  105  15:28  Marauder  
  104  15:31  Marauder, Marine x2  
  104  15:35  Marine  
  100  15:38  Marauder  
  100  15:42  Marine x3  
  84  15:49  Marauder, Marine  
  70  15:53  Marauder  
  69  15:57  Marine x2  
  69  15:59  Marauder  
  71  16:04  Marine x2  
  71  16:06  Banshee x2  
  71  16:11  Marauder  
  76  16:14  Marauder  
  57  16:21  Marauder, Marine  
  57  16:22  Marine x2  
  54  16:30  Marine  
  54  16:32  Marauder  
  50  16:33  SCV  
  50  16:36  Marauder  
  50  16:39  Marine  
  39  16:40  Marine x2  
  39  16:42  Marauder  
  39  16:45  SCV  
  37  16:53  Marine  
  36  16:58  SCV  
  27  17:03  Marine  
  26  17:10  SCV  
Tags
 
Add a new tag
Caveats
  • Supply blocks, unpowered buildings, or Contaminate may cause inaccurate times.
  • Supply counts are checked every 10 seconds.